 Dungeon Crawl Stone Soup version 0.30-a0-174-gbc10bd73c2 (webtiles) character file.

Game seed: 6373998551688732116

80 qw the Chopper (level 4, 0/28 HPs)
             Began as a Gargoyle Fighter on Oct 1, 2022.
             Slain by Sigmund
             ... wielding a +0 scythe
              (4 damage)
             ... on level 2 of the Dungeon.
             The game lasted 00:00:48 (1336 turns).

qw the Chopper (Gargoyle Fighter)                   Turns: 1336, Time: 00:00:48

Health: 0/28       AC: 10    Str: 22    XL:     4   Next: 39%
Magic:  4/4        EV:  9    Int:  8    God:
Gold:   92         SH:  9    Dex:  9    Spells: 3/3 levels left

rFire   . . .      SeeInvis .    Y - +0 war axe
rCold   . . .      Faith    .    c - +0 buckler
rNeg    + . .      Spirit   .    b - +0 scale mail
rPois   inf        Reflect  +    (no helmet)
rElec   +          Harm     .    (no cloak)
rCorr   .          Rampage  .    (no gloves)
Will    .....                    (no boots)
Stlth   ..........               a - amulet of reflection
HPRegen 0.24/turn                (no ring)
MPRegen 0.09/turn                (no ring)

@: no status effects
A: sickness immunity, AC +3, negative energy resistance 1, electricity
resistance, torment resistance 1, petrification resistance
a: no special abilities


You were on level 2 of the Dungeon.
You visited 1 branch of the dungeon, and saw 2 of its levels.

You collected 92 gold pieces.


Innate Abilities, Weirdness & Mutations

You are immune to sickness and miasma.
Your stone body is resilient. (AC +3)
You are immune to poison.
You resist negative energy. (rN+)
You are resistant to electric shocks. (rElec)
You are resistant to unholy torment.
You are immune to petrification.


   Skills:
 - Level 3.2 Fighting
 + Level 4.1 Axes
 - Level 3.2 Armour
 - Level 3.2 Shields


You had 3 spell levels left.
You didn't know any spells.
Your spell library was empty.

Inventory:

Hand Weapons
 e - a +0 club
 Y - a +0 war axe (weapon)
Armour
 b - a +0 scale mail (worn)
 c - a +0 buckler (worn)
 j - a +0 helmet
Jewellery
 a - an amulet of reflection (around neck)
Scrolls
 h - a scroll of enchant armour {unknown}
 i - a scroll of identify {unknown}
 k - a scroll of enchant weapon {unknown}
 l - a scroll of teleportation {unknown}
Potions
 d - a potion of might
 f - a potion of invisibility {unknown}
 g - a potion of mutation {unknown}

Dungeon Overview and Level Annotations

Branches:
Dungeon (2/15)

Altars:

Annotations:
D:2 Sigmund


Message History

You slash the kobold!
You kill the kobold!
A magic dart appears from out of thin air!
The magic dart hits you but does no damage.
You barely miss the quokka. You block the quokka's attack.
Something hits you but does no damage.
The quokka bites you but does no damage.
You hit the endoplasm but do no damage. You hit the quokka but do no damage.
The endoplasm barely misses you. You block the quokka's attack.
Something hits you but does no damage. You block the endoplasm's attack.
The quokka bites you but does no damage.
You slash the endoplasm!
You kill the endoplasm!
You closely miss the quokka. Something hits you but does no damage.
You block the quokka's attack.
You slash the quokka!
You kill the quokka!
A magic dart appears from out of thin air!
The magic dart hits you. Something hits you!
You slash something! You block something's attack.
You miss something. Something hits you.
You miss something. You miss something. Something hits you but does no damage.
You closely miss something. Something hits you but does no damage.
You miss something. Something hits you but does no damage.
You miss something. You block something's attack.
You hit something but do no damage. Something hits you.
You miss something. Something hits you.
You miss something. Something hits you.
You die...

#
#.......####...#
# #.#######
##### # #.# #
#.# #
#####'##### #
#......)..# #
#.........#
#....(....#
#.....@.!.#
#.....{...#
#.........#
#.........#
...........#
#..........+
#..........#
###....#+###


There were no monsters in sight!

Vanquished Creatures
  Robin (D:2)
  An adder (D:2)
  A dart slug (D:1)
  2 ball pythons (D:1)
  3 bats
  4 endoplasms
  2 giant cockroaches
  15 goblins
  6 hobgoblins
  2 jackals (D:1)
  3 kobolds
  2 quokkas
  5 frilled lizards
  5 rats
52 creatures vanquished.

Notes
Turn   | Place    | Note
-------+----------+-------------------------------------------
     0 | D:1      | qw the Gargoyle Fighter began the quest for the Orb.
     0 | D:1      | Reached XP level 1. HP: 14/14 MP: 1/1
     0 | D:1      | 0 ||| qw: Version: 0.2-a-13-gfc7b4b4
     0 | D:1      | 0 ||| qw: Game counter: 1892
     0 | D:1      | 0 ||| qw: Always use a shield: true
     0 | D:1      | 0 ||| qw: God list: Okawaru
     0 | D:1      | 0 ||| qw: Allow faded altars: false
     0 | D:1      | 0 ||| qw: Do Orc after D:15 true
     0 | D:1      | 0 ||| qw: Do second Lair branch before Depths: true
     0 | D:1      | 0 ||| qw: Lair rune preference: random
     0 | D:1      | 0 ||| qw: Plans: Normal, Zot:1-4, God:TSO, Crypt, Tomb,
                  | Pan, Slime:5, Hells, Abyss, Orb
     0 | D:1      | 0 ||| PLANNING D:1-11
    46 | D:1      | Reached skill level 2 in Axes
   189 | D:1      | Reached XP level 2. HP: 19/19 MP: 2/2
   287 | D:1      | 287 ||| Stepping ~*~*~tactically~*~*~ (hiding).
   354 | D:1      | 354 ||| Stepping ~*~*~tactically~*~*~ (stealth).
   400 | D:1      | 400 ||| READING scroll labelled TEEGHO JIURET.
   401 | D:1      | 401 ||| Stepping randomly (stuck).
   402 | D:1      | 402 ||| Stepping randomly (stuck).
   404 | D:1      | 404 ||| Stepping randomly (stuck).
   405 | D:1      | 405 ||| Stepping randomly (stuck).
   411 | D:1      | Reached skill level 3 in Axes
   572 | D:1      | Reached XP level 3. HP: 22/23 MP: 3/3
   838 | D:1      | 838 ||| UPGRADING to amulet of reflection.
   976 | D:2      | 976 ||| Stepping ~*~*~tactically~*~*~ (stealth).
  1090 | D:2      | Noticed Robin
  1097 | D:2      | Killed Robin
  1098 | D:2      | Reached XP level 4. HP: 28/28 MP: 4/4
  1102 | D:2      | 1102 ||| Stepping ~*~*~tactically~*~*~ (stealth).
  1105 | D:2      | 1105 ||| Stepping ~*~*~tactically~*~*~ (stealth).
  1112 | D:2      | Reached skill level 4 in Axes
  1317 | D:2      | Noticed Sigmund
  1335 | D:2      | HP: 3/28 [something (6)]
  1336 | D:2      | Slain by Sigmund

Levels and vault maps discovered:
D:1:      heliophobic_arrival_henge, layout_basic, serial_glass,
          glass_columns_c, glass_columns_b, item_on_display_a, feat_on_display,
          feat_on_display, feat_on_display
D:2:      layout_basic, uniq_sigmund, uniq_robin

Skill      XL: |  1  2  3  4 |
---------------+-------------+-----
Axes           | 2 3 4 |  4.1
Fighting       | |  3.2
Armour         | |  3.2
Shields        | |  3.2

Action                   |  1- 3 |  4- 6 || total
-------------------------+-------+-------++-------
Melee: War axe           |   118 |    46 ||   164
  Use: Scroll            |     1 |       ||     1
Armor: Scale mail        |    58 |    16 ||    74
Dodge: Dodged            |    51 |     3 ||    54
Block: Buckler           |    23 |    23 ||    46

Table legend:
 A = Non-vault XP
 B = Vault XP
 C = Vault XP percentage of total XP
 D = Non-vault monster count
 E = Vault monster count
 F = Vault count percentage of total count
                 A         B        C        D         E       F
            +---------+---------+-------+---------+---------+-------
      Total |      77 |      38 |  33.0 |      39 |      13 |  25.0
            +---------+---------+-------+---------+---------+-------
        D:1 |      43 |       0 |   0.0 |      25 |       0 |   0.0
        D:2 |      34 |      38 |  52.8 |      14 |      13 |  48.1
            +---------+---------+-------+---------+---------+-------
